 Dungeon Crawl Stone Soup version bcrawl-1.14.1-2-g116eac945c (webtiles) character file.

Game seed: 6354980779127737479

73192 MisterOstroum the Slicer (level 15, -15/96 HPs)
             Began as a Jungle Stalker Gladiator on Sept 17, 2019.
             Was the Champion of Wu Jian.
             Killed from afar by a spark wasp (28 damage)
             ... with a living lightning
             ... on level 2 of the Spider Nest on Sept 18, 2019.
             The game lasted 02:22:02 (19194 turns).

MisterOstroum the Slicer (VSGl)                    Turns: 19194, Time: 02:22:03

Health: -15/96     AC: 13    Str: 30    XL:     15   Next: 42%
Magic:  21/21      EV: 19    Int:  8    God:    Wu Jian [******]
Gold:   2026       SH: 15    Dex: 25    Spells: 14/14 levels left

rFire    . . .     SeeInvis .   a - +6 dagger of Gin and Tonic {drain, rPois Str+2 Dex+3}
rCold    + . .     Gourm    .   N - +0 shield
rNeg     . . .     Faith    .   t - +5 ring mail "Symett" {rC+ Str+6 Dex-5}
rPois    +         Spirit   .   p - +0 helmet
rElec    .         Reflect  +   n - scarf {buggy}
rCorr    .         Harm     .   q - -1 pair of gloves of Responsibility {+Inv}
MR       +....                  M - +0 pair of boots
Stlth    +.........             k - +2 amulet of reflection
HPRegen  1.06/turn              H - +5 ring of dexterity
MPRegen  0.17/turn              R - +5 ring of dexterity

@: no status effects
A: fangs 3, poison resistance, regeneration 2, acidic bite, no potion heal 3,
rot immunity, strong jaws
a: Wall Jump, Serpent's Lash, Heavenly Storm, Renounce Religion, Evoke
Invisibility


You were on level 2 of the Spider Nest.
You worshipped Wu Jian.
Wu Jian was exalted by your worship.
You were not hungry.

You visited 5 branches of the dungeon, and saw 21 of its levels.
You also visited: Sewer, Ossuary and Gauntlet.

You collected 2308 gold pieces.
You spent 282 gold pieces at shops.

Inventory:

Hand Weapons
 a - the +6 dagger of Gin and Tonic (weapon) {drain, rPois Str+2 Dex+3}
   (You found it on level 8 of the Dungeon)

   A truly terrible weapon, it drains the life of those it strikes.
   It affects your strength (+2).
   It affects your dexterity (+3).
   It protects you from poison.
 b - a +0 hunting sling
Missiles
 d - 7 throwing nets {!f!f}
 f - 524 sling bullets
 i - 5078 stones
 L - 61 exploding tomahawks (quivered)
Armour
 n - a scarf of stasis (worn)
 p - a +0 helmet (worn)
 q - the -1 pair of gloves of Responsibility (worn) {+Inv}
   (You found it in a Gauntlet)

   It lets you turn invisible.
 t - the +5 ring mail "Symett" (worn) {rC+ Str+6 Dex-5}
   (You found it on level 12 of the Dungeon)

   It affects your strength (+6).
   It affects your dexterity (-5).
   It protects you from cold.
 M - a +0 pair of boots (worn)
 N - a +0 shield (worn)
Jewellery
 g - the ring of Voleshropp {-Tele +Fly rF+ rN+ MP+9}
   (You found it on level 4 of the Lair of Beasts)

   [ring of flight]

   It protects you from fire.
   It protects you from negative energy.
   It affects your magic capacity (+9).
   It lets you fly.
   It prevents most forms of teleportation.
 k - a +2 amulet of reflection (around neck)
 A - an uncursed ring of insulation
 H - a +5 ring of dexterity (left hand)
 R - a +5 ring of dexterity (right hand)
 T - an uncursed ring of see invisible
Wands
 h - a wand of iceblast (2)
 x - a wand of random effects (16)
 I - a wand of polymorph (16)
 X - a wand of paralysis (9)
 Y - a wand of digging (11)
Scrolls
 c - 4 scrolls of immolation
 j - 12 scrolls of remove curse {@r2}
 o - 4 scrolls of enchant armour
 y - 3 scrolls of fog {!r}
 J - 2 scrolls of magic mapping {@r5 !r}
 K - a scroll of identify {@r1}
 O - a scroll of silence
 S - 9 scrolls of teleportation {@r3 !r}
 U - 3 scrolls of fear {!r}
 V - a scroll of summoning
 W - 2 scrolls of blinking {@r4}
Potions
 m - 12 potions of curing {@q1 !q}
 r - 8 potions of flight
 s - a potion of berserk rage
 v - a potion of brilliance
 w - 2 potions of magic
 z - 4 potions of lignification {@q6}
 B - 2 potions of haste {@q4 !q}
 C - 5 potions of invisibility
 D - 3 potions of might {@q3 !q}
 E - 2 potions of mutation
 F - 3 potions of ambrosia
 Q - a potion of cancellation
Miscellaneous
 G - a box of beasts
Comestibles
 e - 41 rations {!d}


   Skills:
 + Level 11.7 Fighting
 - Level 12.0 Short Blades
 - Level 11.9(12.0) Slings
 - Level 1.7(8.0) Throwing
 - Level 5.3 Armour
 - Level 10.0 Dodging
 - Level 7.1 Shields
 - Level 7.0 Evocations


You had 14 spell levels left.
You didn't know any spells.
Your spell library contained the following spells:

 Spells                   Type           Power        Failure   Level  Hunger
 Apportation              Tloc           #.....       86%         1    ##.....
 Blink Other              Tloc           #.....       86%         1    ##.....
 Flame Tongue             Conj/Fire      #....        86%         1    ##.....
 Freeze                   Ice            #.....       86%         1    ##.....
 Infusion                 Chrm           #.......     86%         1    ##.....
 Magic Dart               Conj           #...         86%         1    ##.....
 Sandblast                Erth           #.....       86%         1    ##.....
 Slow                     Hex            #.......     86%         1    ##.....
 Sting                    Conj/Pois      #...         86%         1    ##.....
 Summon Butterflies       Summ           #.......     86%         1    ##.....
 Blink                    Tloc           N/A          94%         2    ###....
 Call Imp                 Summ           #.......     94%         2    ###....
 Poisonous Vapours        Pois/Air       #.....       94%         2    ###....
 Shackle                  Hex            #.......     94%         2    ###....
 Song of Slaying          Chrm           #.......     94%         2    ###....
 Throw Frost              Conj/Ice       #.....       94%         2    ###....
 Beckoning                Tloc           #.........   99%         3    ####...
 Conjure Flame            Conj/Fire      #.......     99%         3    ####...
 Ignite Poison            Fire/Tmut/Pois #.......     99%         3    ####...
 Inner Flame              Hex/Fire       N/A          99%         3    ####...
 Leda's Liquefaction      Hex/Erth       #.........   99%         3    ####...
 Mephitic Cloud           Conj/Pois/Air  #.......     99%         3    ####...
 Ozocubu's Armour         Chrm/Ice       #.......     99%         3    ####...
 Regeneration             Chrm/Necr      #.........   99%         3    ####...
 Spectral Weapon          Hex/Chrm       #.......     99%         3    ####...
 Fulminant Prism          Conj/Hex       #.........   100%        4    #####..
 Olgreb's Toxic Radiance  Pois           #.......     100%        4    #####..
 Sticky Flame             Conj/Fire      #.......     100%        4    #####..
 Summon Ice Beast         Ice/Summ       #.......     100%        4    #####..
 Summon Scorpions         Summ/Pois      #.......     100%        4    #####..
 Throw Icicle             Conj/Ice       #.......     100%        4    #####..
 Fireball                 Conj/Fire      #.........   100%        5    ######.
 Irradiate                Conj/Tmut      #.........   100%        5    ######.
 Venom Bolt               Conj/Pois      #.........   100%        5    ######.
 Borgnjor's Vile Clutch   Necr/Erth      #.........   100%        6    #######
 Conjure Ball Lightning   Conj/Air       #.........   100%        6    #######
 Dispersal                Tloc           #.........   100%        6    #######


Dungeon Overview and Level Annotations

Branches:
Dungeon (12/12)            Temple (1/1) D:4            Lair (5/6) D:9
 Shoals (0/3) Lair:3       Spider (2/3) Lair:3          Orc (1/1) D:11
    Elf (0/3) Orc          Vaults (0/3) D:12
  Slime: Lair:5-6    Depths: D:12

Altars:
Ashenzari
Cheibriados
Elyvilon
Fedhas
Hepliaklqana
Kikubaaqudgha
Lugonu
Makhleb
Nemelex Xobeh
Okawaru
Qazlal
Ru
Sif Muna
Uskayaw
Vehumet
Wu Jian
Xom
Zin
The Shining One

Shops:
D:4 %   D:5 %   D:7 (   D:8 *   Orc :%}%:

Annotations:
D:3 1 runed door, exclusion: door
D:10 3 runed translucent doors
Lair:1 exclusion: 2 doors
Lair:3 !hydra somewhere, exclusions: 2 electric eels and 14 more exclusions
Spider:1 Roxanne


Innate Abilities, Weirdness & Mutations

You have razor-sharp teeth.
Your system is resistant to poisons. (rPois)
You heal very quickly.
You have acidic saliva.
Potions cannot restore your health.
You are immune to rotting.
Your bites deal extra damage.


Message History

The tarantella is lightly wounded.
You spin and attack the tarantella repeatedly.
You hit the tarantella.
The tarantella is almost dead.
You hit the tarantella but do no damage.
The tarantella is almost dead.
You block the tarantella's attack. The tarantella closely misses you. x2
The tarantella barely misses you.
You spin and attack the tarantella repeatedly.
You puncture the tarantella!
The tarantella is heavily wounded.
You hit the tarantella. You drain the tarantella.
The tarantella is severely wounded.
You spin and attack the tarantella repeatedly.
You puncture the tarantella!
You kill the tarantella!
The Council accepts your kill. The tarantella bites you!
You hit the tarantella. You drain the tarantella.
The tarantella is severely wounded.
The tarantella misses you.
You hit the tarantella. You drain the tarantella. You bite the tarantella.
You kill the tarantella!
The Council accepts your kill.
HP restored.
The spark wasp buzzes angrily.
You hear an angry hiss.
A redback comes into view.
There are monsters nearby!
There are monsters nearby!
There are monsters nearby!
Press: ? - help, v - describe, . - travel
Here: a spark wasp The floor.
Quiver which item? (- for none, * to show all) (? for menu, Esc to quit)
Okay, then.
Evoke which item? (* to show all) (? for menu, Esc to quit)
Aiming: Random Effects
Press: ? - help, Shift-Dir - straight line, f - spark wasp
Aim: a spark wasp The redback falls asleep!
The spark wasp bursts into living lightning!
The living lightning hits you!
The spark wasp blinks!
Evoke which item? (* to show all) (? for menu, Esc to quit)
Aiming: Random Effects
Press: ? - help, Shift-Dir - straight line, f/p - spark wasp
Aim: a spark wasp The bolt of poison misses the spark wasp.
The spark wasp stings you!! The spark wasp shocks you!
Evoke which item? (* to show all) (? for menu, Esc to quit)
Okay, then.
You spin and attack the spark wasp repeatedly.
Your shield and ring mail "Symett" prevent you from hitting the spark wasp.
You bite the spark wasp, but do no damage.
You miss the spark wasp. You block the spark wasp's attack.
Evoke which item? (* to show all) (? for menu, Esc to quit)
Okay, then.
You spin and attack the redback repeatedly.
You hit the redback.
The redback is lightly wounded.
You hit the redback. You bite the redback!
The redback is splashed with acid!
You kill the redback!
The Council accepts your kill. You block the spark wasp's attack.
Evoke which item? (* to show all) (? for menu, Esc to quit)
Aiming: Random Effects
Press: ? - help, Shift-Dir - straight line, f/p - spark wasp
Aim: a spark wasp The bolt of negative energy hits the spark wasp.
The spark wasp is drained!
The spark wasp is moderately wounded.
The spark wasp barely misses you.
Evoke which item? (* to show all) (? for menu, Esc to quit)
Aiming: Random Effects
Press: ? - help, Shift-Dir - straight line, f/p - spark wasp
Aim: a spark wasp (moderately wounded, lightly drained)
The fireball explodes!
The fireball engulfs the spark wasp.
The spark wasp is moderately wounded.
The fireball engulfs you! You block the spark wasp's attack.
The spark wasp stings you!
* * * LOW HITPOINT WARNING * * *
The spark wasp shocks you!
* * * LOW HITPOINT WARNING * * *
Okay, then.
Evoke which item? (* to show all) (? for menu, Esc to quit)
Aiming: Scattershot
Press: ? - help, Shift-Dir - straight line, f/p - spark wasp
Aim: a spark wasp (moderately wounded, lightly drained)
The burst of metal fragments hits the spark wasp. x7
The spark wasp is severely wounded.
The spark wasp barely misses you.
Evoke which item? (* to show all) (? for menu, Esc to quit)
Aiming: Scattershot
Press: ? - help, Shift-Dir - straight line, f/p - spark wasp
Aim: a spark wasp (heavily wounded, lightly drained)
The burst of metal fragments hits the spark wasp. x6
The spark wasp is almost dead.
The now-empty wand crumbles to dust.
The spark wasp bursts into living lightning!
The living lightning hits you!
You die...

##### ########
......#^......
......#.......
.....^#....... #####
.........<#..
#...########.../..#.. # #
##....^.##..##.....#..
#.#.
#...y@...#...#..####..
..ys. #....#.......##..
#..
#....###....#.......^#...
##.
.....^.#....##.......##^..
#.
#...#...#####......#...>##
#.$.....# #..^#..#.^...#
#.......# ##^##..###....
##.###### ####...^# ##
##...#


You could see a spark wasp.

Vanquished Creatures
  Rupert (Spider:1)
  An orc warlord (Orc)
  Nessos (Orc)
  A spark wasp (Spider:2)
  A death ooze (Gauntlet)
  5 ogre magi
  3 hydras
  Harold (Orc)
  Erolcha (D:10)
  3 vault guards
  17 two-headed ogres
  5 death yaks
  Sonja (D:11)
  2 skeletal warriors (D:10)
  An unseen horror (D:11)
  A cyclops (D:10)
  3 orb spiders (Spider:1)
  6 wolf spiders
  2 ugly things
  A manticore (D:10)
  2 moths of wrath
  2 black mambas
  7 cane toads
  9 elephants
  An efreet (D:12)
  A freezing wraith (D:12)
  A demonic crawler (Spider:2)
  5 komodo dragons
  3 trolls
  A hornet (D:12)
  3 polar bears (Lair:2)
  Grinder (D:6)
  7 jumping spiders
  4 blink frogs
  A meliai zombie (D:12)
  A snapping turtle (Lair:3)
  6 hippogriffs
  7 tarantellas
  6 shadows (Gauntlet)
  9 redbacks
  2 wyverns
  Sigmund (D:6)
  A vampire (D:10)
  20 yaks
  A basilisk (D:9)
  2 vampire mosquitoes (D:11)
  Menkaure (D:5)
  A soldier ant (D:12)
  Edmund (D:5)
  4 wargs
  An acid dragon (D:11)
  2 water moccasins
  Duvessa (D:5)
  5 porcupines
  11 orc warriors
  3 ice beasts
  A sky beast (D:4)
  8 black bears
  A necrophage (D:8)
  37 ogres
  8 centaurs
  11 wolves
  10 crocodiles
  4 bullfrogs
  8 big kobolds
  Blork the orc (D:6)
  Dowan (D:5)
  A water moccasin zombie (D:7)
  5 scorpions
  A vampire bat (D:10)
  5 howler monkeys
  An electric eel (Lair:3)
  6 centaur zombies
  9 crimson imps
  4 jellies
  7 hounds
  2 quasits
  4 centaur skeletons
  A human zombie (Ossuary)
  5 orc priests
  A bullfrog skeleton (D:9)
  2 iguanas
  Natasha (thrice) (D:3)
  7 orc wizards
  7 worker ants
  A big kobold zombie (Ossuary)
  A hound zombie (D:8)
  A hound skeleton (D:8)
  3 mummies (Ossuary)
  2 worker ant zombies
  Robin (D:3)
  11 gnolls
  21 adders
  4 river rats
  4 shadow imps
  4 oozes
  2 adder skeletons (D:8)
  6 worms
  10 dart slugs
  6 leopard geckos
  35 orcs
  7 ball pythons
  5 giant cockroaches
  A gnoll zombie (Ossuary)
  16 goblins
  7 hobgoblins
  9 jackals
  3 quokkas
  11 bats
  5 frilled lizards
  A goblin zombie (Ossuary)
  57 kobolds
  2 kobold zombies (Ossuary)
  8 rats
596 creatures vanquished.

Vanquished Creatures (others)
  An orc warlord (Orc)
  A minotaur (Gauntlet)
  An orc (Orc)
  A bush (Lair:5)
  5 fungi
  14 plants
23 creatures vanquished.

Grand Total: 619 creatures vanquished

Notes
Turn   | Place    | Note
-------+----------+-------------------------------------------
     0 | D:1      | MisterOstroum the Vine Stalker Gladiator began the quest
                  | for the Orb.
     0 | D:1      | Reached XP level 1. HP: 12/12 MP: 2/2
   101 | D:1      | Reached XP level 2. HP: 16/17 MP: 3/3
   114 | D:1      | Reached skill level 3 in Short Blades
   370 | D:1      | Reached XP level 3. HP: 22/22 MP: 4/4
   687 | D:2      | Reached skill level 1 in Slings
  1030 | D:2      | Reached XP level 4. HP: 11/27 MP: 5/5
  1815 | D:3      | Reached XP level 5. HP: 32/32 MP: 6/6
  1822 | D:3      | Noticed Natasha
  1832 | D:3      | Killed Natasha
  1859 | D:3      | Noticed an ogre
  1867 | D:3      | Killed an ogre
  1867 | D:3      | Gained mutation: You have razor-sharp teeth. [Vine Stalker
                  | growth]
  1867 | D:3      | Reached XP level 6. HP: 38/38 MP: 7/7
  1919 | D:3      | Found an ancient bone altar of Kikubaaqudgha.
  2048 | D:3      | Noticed Natasha
  2057 | D:3      | Killed Natasha
  2093 | D:3      | Noticed Natasha
  2099 | D:3      | Killed Natasha
  2099 | D:3      | Reached skill level 4 in Short Blades
  2301 | D:3      | Noticed Robin
  2311 | D:3      | Killed Robin
  2378 | D:3      | Found a runed door.
  2589 | D:4      | Reached XP level 7. HP: 38/44 MP: 8/8
  2625 | D:4      | Reached skill level 5 in Fighting
  2645 | D:5      | Entered Level 5 of the Dungeon
  2810 | D:3      | Found a hazy altar of Hepliaklqana.
  2810 | D:3      | Found a shimmering altar of Xom.
  2810 | D:3      | Found an iron altar of Okawaru.
  2843 | D:4      | Found Ytuishru's Food Shop.
  2932 | D:4      | Found a staircase to the Ecumenical Temple.
  2941 | Temple   | Entered the Ecumenical Temple
  3019 | Temple   | Became a worshipper of the Wu Jian Council
  3047 | D:4      | Found a snail-covered altar of Cheibriados.
  3450 | D:4      | Gained mutation: You have acidic saliva. [Jungle Stalker
                  | growth]
  3450 | D:4      | Gained mutation: Your system is resistant to poisons.
                  | (rPois) [Jungle Stalker growth]
  3450 | D:4      | Reached XP level 8. HP: 44/49 MP: 8/9
  3609 | D:4      | Reached skill level 5 in Short Blades
  3760 | D:6      | Noticed Sigmund
  3771 | D:6      | Killed Sigmund
  3771 | D:6      | Reached skill level 5 in Slings
  3839 | D:6      | Noticed Blork the orc
  3852 | D:6      | Killed Blork the orc
  3908 | D:6      | Reached * piety under Wu Jian
  3908 | D:6      | Reached skill level 6 in Short Blades
  3926 | D:6      | Found a glowing drain.
  3938 | Sewer    | Entered a sewer
  4377 | Sewer    | Reached skill level 1 in Armour
  4377 | Sewer    | Reached XP level 9. HP: 55/55 MP: 10/10
  4387 | Sewer    | Upgraded the game from bcrawl-1.14 to
                  | bcrawl-1.14.1-2-g116eac945c
  4537 | Sewer    | Reached ** piety under Wu Jian
  4892 | D:6      | Reached skill level 5 in Dodging
  5037 | D:5      | Noticed Menkaure
  5272 | D:5      | Noticed Duvessa
  5277 | D:5      | Noticed Dowan
  5303 | D:5      | Killed Duvessa
  5303 | D:5      | Killed Dowan
  5484 | D:5      | Reached skill level 7 in Short Blades
  5497 | D:5      | Reached *** piety under Wu Jian
  5765 | D:5      | Found Luramasa's Food Shop.
  5828 | D:5      | Noticed Edmund
  5830 | D:5      | Killed Menkaure
  5830 | D:5      | Reached XP level 10. HP: 34/63 MP: 11/11
  5937 | D:5      | Killed Edmund
  6419 | D:6      | Noticed Grinder
  6440 | D:6      | Killed Grinder
  6696 | D:7      | Reached skill level 8 in Short Blades
  6739 | D:7      | Found a sand-covered staircase.
  6746 | Ossuary  | Entered an ossuary
  6854 | Ossuary  | Reached **** piety under Wu Jian
  6987 | D:7      | Found Yczeorph's Antique Weapon Boutique.
  7016 | D:7      | Bought an iridescent short sword for 216 gold pieces
  7016 | D:7      | Identified the cursed +0 short sword of Cedesheo {pierce,
                  | -Tele rPois rN+ MR+} (You bought it in a shop on level 7 of
                  | the Dungeon)
  7023 | D:7      | Found a shattered altar of Ashenzari.
  7086 | D:7      | Got a faintly glowing trident
  7273 | D:7      | Found a corrupted altar of Lugonu.
  7796 | D:8      | Got a crystal dagger
  8020 | D:8      | Found Xiawk's General Store.
  8027 | D:8      | Bought a potion of curing for 33 gold pieces
  8027 | D:8      | Bought a potion of curing for 33 gold pieces
  8184 | D:8      | Identified the +6 dagger of Gin and Tonic {drain, rPois
                  | Str+2 Dex+3} (You found it on level 8 of the Dungeon)
  8479 | D:9      | Reached skill level 9 in Short Blades
  8775 | D:9      | Found a staircase to the Lair.
  8821 | D:9      | Reached XP level 11. HP: 64/71 MP: 12/12
  8858 | D:9      | Reached ***** piety under Wu Jian
  9354 | D:10     | Entered Level 10 of the Dungeon
  9374 | D:10     | Noticed a seven-headed hydra
  9441 | D:10     | Noticed a skeletal warrior
  9441 | D:10     | Noticed a manticore
  9442 | D:10     | Reached skill level 1 in Evocations
  9477 | D:9      | Reached skill level 10 in Fighting
  9488 | Lair:1   | Entered Level 1 of the Lair of Beasts
  9514 | Lair:1   | Reached skill level 10 in Short Blades
  9582 | Lair:1   | Noticed a seven-headed hydra
  9598 | Lair:1   | Reached skill level 1 in Shields
  9920 | Lair:1   | Noticed a seven-headed hydra
  9938 | Lair:1   | Got a faintly humming scale mail
  9949 | Lair:1   | Identified the cursed +0 scale mail of the Nightingale {rF+
                  | Int+3} (You found it on level 1 of the Lair of Beasts)
 10584 | Lair:2   | Reached skill level 5 in Evocations
 10590 | Lair:2   | Reached skill level 5 in Shields
 10752 | Lair:2   | Found a sacrificial altar of Ru.
 11541 | Lair:3   | Gained mutation: You heal very quickly. [Jungle Stalker
                  | growth]
 11541 | Lair:3   | Reached XP level 12. HP: 71/77 MP: 16/16
 11611 | Lair:3   | Got a shimmering leather armour
 11949 | Lair:3   | Found a staircase to the Shoals.
 12010 | Lair:3   | Found a hole to the Spider Nest.
 12299 | Lair:3   | Noticed an eight-headed hydra
 12325 | Lair:4   | Noticed a death yak
 12571 | Lair:4   | Noticed a death yak
 12575 | Lair:4   | Noticed a death yak
 12578 | Lair:4   | Noticed a death yak
 12579 | Lair:4   | Noticed a death yak
 12580 | Lair:4   | Killed a death yak
 12758 | Lair:4   | Identified the +0 leather armour "Wiaz" {rElec Dex-5 Slay+3
                  | Stlth+} (You found it on level 3 of the Lair of Beasts)
 12919 | Lair:4   | Killed a death yak
 13219 | Lair:4   | Noticed a six-headed hydra
 13232 | Lair:4   | Killed a six-headed hydra
 13270 | Lair:4   | Got a scorched glass ring
 13522 | Lair:3   | Killed a death yak
 13775 | Lair:5   | Reached XP level 13. HP: 82/82 MP: 16/18
 13867 | Lair:4   | Reached skill level 10 in Dodging
 14460 | D:10     | Noticed Erolcha
 14478 | D:10     | Killed Erolcha
 14600 | D:10     | Found a runed translucent gate.
 14778 | D:10     | Found a runed translucent gate.
 14779 | D:10     | Found a runed translucent gate.
 15123 | D:11     | Identified the ring of Voleshropp {-Tele +Fly rF+ rN+ MP+9}
                  | (You found it on level 4 of the Lair of Beasts)
 15239 | D:11     | Noticed Sonja
 15245 | D:11     | Found a gate leading to a gauntlet.
 15251 | D:11     | Killed Sonja
 15261 | Gauntlet | Entered a Gauntlet
 15261 | Gauntlet | Found a transporter.
 15271 | Gauntlet | Found a transporter.
 15273 | Gauntlet | Noticed a death ooze
 15286 | Gauntlet | Found a transporter.
 15291 | Gauntlet | Found a transporter.
 15306 | Gauntlet | Found a transporter.
 15325 | Gauntlet | Found the +1 cloak of Starlight {rElec rC+ EV+4 Stlth--}
 15325 | Gauntlet | Found a transporter.
 15337 | Gauntlet | Found a transporter.
 15349 | Gauntlet | Found a transporter.
 15361 | Gauntlet | Found a transporter.
 15373 | Gauntlet | Found a transporter.
 15390 | Gauntlet | Found a transporter.
 15407 | Gauntlet | Found a transporter.
 15409 | Gauntlet | Found a transporter.
 15434 | Gauntlet | Found a transporter.
 15435 | Gauntlet | Found the +3 giant club "Skullcrusher" {speed, Str+7}
 15436 | Gauntlet | Found a transporter.
 15456 | Gauntlet | Found a transporter.
 15470 | Gauntlet | Found a transporter.
 15500 | Gauntlet | Found a transporter.
 15532 | Gauntlet | Killed a death ooze
 15625 | Gauntlet | Got a pair of translucent gloves
 15635 | Gauntlet | Identified the cursed -1 pair of gloves of Responsibility
                  | {+Inv} (You found it in a Gauntlet)
 15676 | Gauntlet | Noticed a minotaur
 15691 | Gauntlet | Killed a minotaur
 15691 | Gauntlet | Reached skill level 11 in Short Blades
 15714 | Gauntlet | Identified Sif Muna's Incunabulum of the Dusty Compass
 15714 | Gauntlet | Identified the Collected Works on Combat Magic and the Oath
 15790 | D:11     | Found a staircase to the Orcish Mines.
 15825 | Orc      | Entered the Orcish Mines
 15830 | Orc      | Noticed Nessos
 15835 | Orc      | Killed Nessos
 15836 | Orc      | Noticed an orc warlord
 15843 | Orc      | Noticed an orc warlord
 15846 | Orc      | Killed an orc warlord
 15846 | Orc      | Reached skill level 5 in Armour
 15846 | Orc      | Reached XP level 14. HP: 90/90 MP: 20/20
 16225 | D:12     | Entered Level 12 of the Dungeon
 16233 | D:12     | Reached ****** piety under Wu Jian
 16237 | D:12     | Found a snail-covered altar of Cheibriados.
 16420 | Orc      | Found a staircase to the Elven Halls.
 16599 | Orc      | Noticed Harold
 16613 | Orc      | Killed Harold
 16613 | Orc      | Reached skill level 10 in Slings
 16757 | Orc      | Killed an orc warlord
 16844 | Orc      | Found Xuwn's Book Shop.
 16877 | Orc      | Found Qumy's Gadget Boutique.
 16877 | Orc      | Found Vot Kann's Book Shoppe.
 16877 | Orc      | Found Gainod's Food Emporium.
 16877 | Orc      | Found Laegung's Food Boutique.
 17493 | D:12     | Got a bronze ring mail
 17511 | D:12     | Found a gate to the Vaults.
 17525 | D:12     | Reached XP level 15. HP: 94/94 MP: 21/21
 17848 | D:11     | Found a staircase to the Orcish Mines.
 18092 | Lair:3   | Identified the +5 ring mail "Symett" {rC+ Str+6 Dex-5} (You
                  | found it on level 12 of the Dungeon)
 18099 | Spider:1 | Entered Level 1 of the Spider Nest
 18651 | Spider:1 | Noticed Rupert
 18671 | Spider:1 | Killed Rupert
 18705 | Spider:1 | Noticed Roxanne
 18901 | Spider:2 | Reached skill level 12 in Short Blades
 19194 | Spider:2 | Killed from afar by a spark wasp

Skill      XL: |  1  2  3  4  5  6  7  8  9 10 11 12 13 14 15 |
---------------+----------------------------------------------+-----
Fighting       | 2 3 4 5 6 7 9 10 11 | 11.7
Short Blades   | 3 4 6 7 9 10 11 12 | 12.0
Slings         | 1 2 3 4 5 6 11 | 11.9
Armour         | 1 2 5 |  5.3
Dodging        | 5 9 10 | 10.0
Evocations     | 5 7 |  7.0
Shields        | 5 7 |  7.1
Throwing       | |  1.7

Action                   |  1- 3 |  4- 6 |  7- 9 | 10-12 | 13-15 || total
-------------------------+-------+-------+-------+-------+-------++-------
Melee: Rapier            |    34 |   129 |   550 |   121 |       ||   834
       Bite              |     5 |    13 |    60 |   173 |   223 ||   474
       Dagger            |    16 |    15 |       |   620 |   904 ||  1555
       Short sword       |       |       |       |   169 |       ||   169
 Fire: Hunting sling     |    68 |    72 |    45 |    16 |    82 ||   283
Throw: Stone             |    10 |     3 |     1 |       |       ||    14
       Throwing net      |       |     1 |     5 |       |       ||     6
       Tomahawk          |       |       |       |       |     4 ||     4
Invok: Lunge             |       |       |    24 |    71 |    49 ||   144
       Whirlwind         |       |       |   103 |    76 |   187 ||   366
       Heavenly Storm    |       |       |       |     2 |     5 ||     7
 Abil: Wall Jump         |       |       |    16 |    11 |     1 ||    28
Evoke: Wand              |       |       |       |     2 |    11 ||    13
  Use: Scroll            |       |     8 |     8 |    15 |     7 ||    38
       Potion            |       |       |     1 |       |     3 ||     4
 Stab: Sleeping          |     1 |       |       |       |       ||     1
       Held in net/web   |       |       |     1 |       |       ||     1
  Eat: Chunk             |       |     5 |    12 |    26 |    18 ||    61
Armor: Leather armour    |    12 |     3 |       |       |       ||    15
       Plate armour      |       |    61 |   260 |   194 |   112 ||   627
       Ring mail         |       |       |       |       |    23 ||    23
Dodge: Dodged            |    30 |    33 |   146 |   190 |   221 ||   620
Block: Other             |       |    10 |    46 |    16 |       ||    72
       Reflection        |       |     1 |     7 |       |    25 ||    33
       Shield            |       |       |       |   133 |   395 ||   528
